[Event "Hastings International Chess Congress"]
[Site "?"]
[Date "2012.12.31"]
[Round "4.1"]
[White "Vocaturo, GM Daniele"]
[Black "McKenna, Jason P"]
[Result "1-0"]
[ECO "A10"]
[WhiteElo "2521"]
[BlackElo "2102"]
[PlyCount "99"]
[EventDate "2012.??.??"]
[TimeControl "6600+1430"]
[WhiteClock "1:03:10"]
[BlackClock "0:27:39"]

1. c4 g6 2. g3 Bg7 3. Bg2 d6 4. Nc3 c5 5. d3 Nc6 6. Qd2 e5 7. Bxc6+ bxc6 8. b3
Be6 9. Bb2 Ne7 10. O-O-O Qc7 11. e3 O-O 12. h3 Nc8 13. f4 a5 14. fxe5 Bxe5 15.
Ne4 d5 16. Nxc5 Bxb2+ 17. Kxb2 Qxg3 18. cxd5 cxd5 19. Ne2 Qd6 20. Rc1 Nb6 21.
Nd4 Rfc8 22. Qh2 Qe7 23. Ncxe6 fxe6 24. Qe5 Nd7 25. Qxe6+ Qxe6 26. Nxe6 Rxc1
27. Rxc1 Re8 28. Nc5 Nf6 29. Re1 Nh5 30. Kc3 Nf4 31. Kd4 Nxh3 32. Kxd5 Nf4+ 33.
Kd4 g5 34. e4 g4 35. Rf1 Nh3 36. Ke3 Kg7 37. d4 h5 38. Nd3 g3 39. Nf4 Nxf4 40.
Rxf4 Rc8 41. Kf3 Rc3+ 42. Kg2 Rc2+ 43. Kxg3 Rxa2 44. Rf3 a4 45. bxa4 Rxa4 46.
Rd3 Kf6 47. Kf4 Ra1 48. e5+ Ke7 49. Rb3 Rd1 50. Ke4 1-0

[Event "Hastings International Chess Congress"]
[Site "?"]
[Date "2012.12.31"]
[Round "4.2"]
[White "Duff, Rufus"]
[Black "Cafferty, FM Bernard"]
[Result "1-0"]
[ECO "B03"]
[WhiteElo "2114"]
[BlackElo "2105"]
[PlyCount "113"]
[EventDate "2012.??.??"]
[TimeControl "6600+1415"]
[WhiteClock "0:03:07"]
[BlackClock "0:19:10"]

1. e4 Nf6 2. e5 Nd5 3. c4 Nb6 4. d4 d6 5. exd6 exd6 6. Nc3 Be7 7. Bd3 Nc6 8.
Nge2 O-O 9. O-O Bg4 10. f3 Bh5 11. Nf4 Bg6 12. Nxg6 hxg6 13. Be3 Re8 14. Bf2
Bf6 15. c5 dxc5 16. dxc5 Nd5 17. Nxd5 Qxd5 18. Be4 Qxd1 19. Raxd1 Rad8 20. b3
Bb2 21. h4 Kf8 22. Bg3 Bd4+ 23. Kh2 Bxc5 24. Bxc7 Rd4 25. Rxd4 Bxd4 26. Rd1
Be5+ 27. Bxe5 Rxe5 28. Rd7 Re7 29. Bxc6 bxc6 30. Rd8+ Re8 31. Rxe8+ Kxe8 32.
Kg3 Kd7 33. Kf4 Kd6 34. Ke4 c5 35. a3 Ke6 36. Kd3 Kd5 37. Kc3 Kd6 38. Kc4 Kc6
39. g3 f6 40. Kc3 Kd5 41. Kd3 Kd6 42. Kc4 Kc6 43. b4 cxb4 44. Kxb4 Kb6 45. g4
Kc6 46. Ka5 Kb7 47. Kb5 Kc7 48. Kc5 Kd7 49. Kd5 Ke7 50. Kc6 f5 51. Kb7 a5 52.
Kb6 Kd6 53. Kxa5 Ke5 54. Kb4 Kf4 55. gxf5 gxf5 56. a4 Kxf3 57. a5 1-0

[Event "Hastings International Chess Congress"]
[Site "?"]
[Date "2012.12.31"]
[Round "4.6"]
[White "Gu, WGM Xiaobing"]
[Black "Williams, GM Simon K"]
[Result "0-1"]
[ECO "B40"]
[WhiteElo "2209"]
[BlackElo "2515"]
[PlyCount "72"]
[EventDate "2012.??.??"]
[TimeControl "6600+1105"]
[WhiteClock "0:01:46"]
[BlackClock "0:10:08"]

1. e4 c5 2. Nf3 e6 3. d4 cxd4 4. Nxd4 d6 5. g4 a6 6. Bg2 Ne7 7. Nc3 Ng6 8. g5
Nh4 9. Bh3 Nc6 10. Nxc6 bxc6 11. f4 h6 12. gxh6 Rxh6 13. f5 Nxf5 14. Bxh6 Qh4+
15. Ke2 Qxh3 16. exf5 Qxh6 17. Qd3 exf5 18. Rae1 Be6 19. Kd1 Be7 20. Ne2 Bh4
21. Ref1 Rb8 22. b3 Qf6 23. Nd4 Rb4 24. Nxf5 Qa1+ 25. Ke2 Qe5+ 26. Qe3 Qb2 27.
Nxd6+ Kd7 28. Qc5 Rd4 29. Nf5 Bc4+ 30. Qxc4 Rxc4 31. bxc4 Qxc2+ 32. Ke3 Bg5+
33. Kd4 g6 34. h4 Bf6+ 35. Ke3 gxf5 36. h5 Qe4+ 0-1

[Event "Hastings International Chess Congress"]
[Site "?"]
[Date "2012.12.31"]
[Round "4.7"]
[White "Gao, IM Rui"]
[Black "Burnett, Jim"]
[Result "1-0"]
[ECO "C07"]
[WhiteElo "2450"]
[BlackElo "2172"]
[PlyCount "107"]
[EventDate "2012.??.??"]
[TimeControl "6600+1465"]
[WhiteClock "0:21:45"]
[BlackClock "0:43:45"]

1. e4 e6 2. d4 d5 3. Nd2 c5 4. exd5 Qxd5 5. Ngf3 cxd4 6. Bc4 Qd6 7. O-O Nf6 8.
Nb3 Nc6 9. Nbxd4 Nxd4 10. Nxd4 a6 11. Re1 Qc7 12. Bf1 Be7 13. Qf3 O-O 14. Bf4
Bd6 15. Bxd6 Qxd6 16. Rad1 Qc7 17. c4 Bd7 18. h3 Rad8 19. b3 Bc8 20. g3 Qa5 21.
Qe2 Rfe8 22. Nf3 Rxd1 23. Rxd1 e5 24. Qd2 Qxd2 25. Rxd2 e4 26. Nd4 e3 27. Re2
exf2+ 28. Kxf2 Kf8 29. Bg2 Rxe2+ 30. Nxe2 Ke7 31. Ke3 Kd6 32. Kd4 b6 33. b4 Bf5
34. Nc3 Nd7 35. h4 f6 36. Bb7 a5 37. Nb5+ Ke7 38. bxa5 bxa5 39. c5 Nf8 40. Bf3
Ne6+ 41. Kd5 Bd3 42. Nc3 f5 43. Bd1 f4 44. gxf4 Nxf4+ 45. Ke5 Ng6+ 46. Kd4 Ba6
47. Nd5+ Kd8 48. c6 Nxh4 49. Bg4 g6 50. Be6 Nf5+ 51. Kc5 Ng7 52. c7+ Ke8 53.
c8=Q+ Bxc8 54. Bxc8 1-0

[Event "Hastings International Chess Congress"]
[Site "?"]
[Date "2012.12.31"]
[Round "4.8"]
[White "Jaunooby, Ali R"]
[Black "Hamitevici, IM Vladimir"]
[Result "1/2-1/2"]
[ECO "A43"]
[WhiteElo "2178"]
[BlackElo "2440"]
[PlyCount "74"]
[EventDate "2012.??.??"]
[TimeControl "6600+430"]
[WhiteClock "0:28:00"]
[BlackClock "0:58:14"]

1. d4 Nf6 2. Nf3 c5 3. d5 b5 4. a4 Bb7 5. c4 bxc4 6. Nc3 e6 7. e4 Nxe4 8. Nxe4
exd5 9. Nc3 Qe7+ 10. Be3 Qe6 11. Ng5 Qe5 12. Qf3 f6 13. Bxc4 fxg5 14. O-O-O g4
15. Qxg4 Qe6 16. Qf3 dxc4 17. Qxb7 Qc6 18. Rxd7 Qxb7 19. Rxb7 Nc6 20. Bg5 Bd6
21. Nb5 Be5 22. f4 Rb8 23. fxe5 Rxb7 24. Nd6+ Kd7 25. Nxb7 Nxe5 26. Nxc5+ Kc6
27. Ne6 Nd3+ 28. Kc2 Re8 29. Nd4+ Kd5 30. Kc3 Nf2 31. Nb5 Re2 32. Rb1 a5 33.
Nc7+ Kc5 34. Na6+ Kd5 35. Nc7+ Kc5 36. Na6+ Kd5 37. Nc7+ Kc5 1/2-1/2

[Event "Hastings International Chess Congress"]
[Site "?"]
[Date "2012.12.31"]
[Round "4.9"]
[White "Ashton, FM Adam G"]
[Black "Byron, Alan M"]
[Result "1/2-1/2"]
[ECO "B83"]
[WhiteElo "2366"]
[BlackElo "2167"]
[PlyCount "100"]
[EventDate "2012.??.??"]
[TimeControl "6600+1225"]
[WhiteClock "0:59:56"]
[BlackClock "0:28:42"]

1. e4 c5 2. Nf3 d6 3. d4 cxd4 4. Nxd4 Nf6 5. Nc3 e6 6. Be2 Be7 7. O-O a6 8. f4
Nc6 9. Be3 Bd7 10. Bf3 Qc7 11. Kh1 O-O 12. Qe1 Rad8 13. Qg3 Nxd4 14. Bxd4 Bc6
15. e5 dxe5 16. Bxe5 Qb6 17. Ne4 Bxe4 18. Bxe4 g6 19. Bd3 Nd7 20. Bc3 Bb4 21.
Bxb4 Qxb4 22. Rab1 Nc5 23. f5 Nxd3 24. cxd3 exf5 25. Rxf5 Qd2 26. Rf3 Qc2 27.
Rbf1 Qxb2 28. Qc7 Rc8 29. Qd7 Rc1 30. h3 Rxf1+ 31. Rxf1 Qxa2 32. Qxb7 Qe2 33.
Ra1 Qxd3 34. Qxa6 Qxa6 35. Rxa6 Rc8 36. h4 Rc4 37. g3 Rc2 38. Ra5 h6 39. Kg1
Kg7 40. Rb5 Kf6 41. Ra5 g5 42. hxg5+ hxg5 43. Rb5 Kg6 44. Ra5 Kh5 45. Ra4 f5
46. Rb4 Re2 47. Ra4 Re4 48. Ra2 Kg4 49. Kf2 Kh3 50. Ra5 Kg4 1/2-1/2

[Event "Hastings International Chess Congress"]
[Site "?"]
[Date "2012.12.31"]
[Round "4.11"]
[White "Rayner, Francis"]
[Black "Prosviriakov, IM Vladimir"]
[Result "1/2-1/2"]
[ECO "C61"]
[WhiteElo "2166"]
[BlackElo "2293"]
[PlyCount "107"]
[EventDate "2012.??.??"]
[TimeControl "6600+1295"]
[WhiteClock "0:26:05"]
[BlackClock "1:03:08"]

1. e4 e5 2. Nf3 Nc6 3. Bb5 Nd4 4. Nxd4 exd4 5. O-O Bc5 6. d3 c6 7. Ba4 d6 8. f4
f5 9. Bb3 Nf6 10. Nd2 fxe4 11. Nxe4 Nxe4 12. dxe4 Qh4 13. Qd3 Bg4 14. Kh1 O-O-O
15. Bd2 g6 16. Bc4 d5 17. exd5 cxd5 18. Bb3 a6 19. Ba5 Rd6 20. Rae1 Bf5 21. Qd2
Qf6 22. Re5 Be4 23. c4 Rf8 24. Qe1 b6 25. cxd5 Bd3 26. Rf3 Bb5 27. Bb4 Kb8 28.
a4 Bd7 29. a5 Bxb4 30. Qxb4 Bg4 31. Re6 Rxe6 32. dxe6 Bxf3 33. gxf3 Qxf4 34.
Qxb6+ Kc8 35. Qxa6+ Kd8 36. Qb6+ Ke7 37. Qc5+ Qd6 38. Qa7+ Kf6 39. Qxh7 d3 40.
e7 Qxe7 41. Qh4+ g5 42. Qd4+ Qe5 43. Qxd3 Rh8 44. Qa6+ Ke7 45. Qb7+ Kd6 46.
Qb4+ Kd7 47. Ba4+ Ke6 48. Qb6+ Ke7 49. Qb7+ Kf6 50. Qc6+ Kg7 51. Qd7+ Kf6 52.
Qc6+ Kg7 53. Qd7+ Kf6 54. Qc6+ 1/2-1/2

[Event "Hastings International Chess Congress"]
[Site "?"]
[Date "2012.12.31"]
[Round "4.12"]
[White "Rudd, IM Jack"]
[Black "Grant, Alan G"]
[Result "1-0"]
[ECO "B90"]
[WhiteElo "2288"]
[BlackElo "2165"]
[PlyCount "77"]
[EventDate "2012.??.??"]
[TimeControl "6600+1010"]
[WhiteClock "1:33:43"]
[BlackClock "0:06:06"]

1. e4 c5 2. Nf3 d6 3. d4 cxd4 4. Nxd4 Nf6 5. Nc3 a6 6. Be3 e5 7. Nb3 Be7 8. f3
Be6 9. Qd2 O-O 10. O-O-O a5 11. g4 a4 12. Na1 a3 13. b3 Qa5 14. Nb5 Qxd2+ 15.
Bxd2 Nc6 16. c4 Rfc8 17. Kb1 Ne8 18. Nc2 Bd7 19. Bc1 Na7 20. Nc3 b5 21. Nxb5
Nxb5 22. cxb5 Rab8 23. Ne3 Bg5 24. Nd5 Rxc1+ 25. Rxc1 Bxc1 26. Kxc1 Bxb5 27.
Bxb5 Rxb5 28. Kd2 g5 29. Rc1 Kg7 30. Rc6 Ra5 31. b4 Ra8 32. Kc3 Kf8 33. b5 Ng7
34. b6 Rb8 35. Nc7 Ke7 36. Kc4 Ne6 37. Nxe6 fxe6 38. Rc7+ Kf6 39. b7 1-0

[Event "Hastings International Chess Congress"]
[Site "?"]
[Date "2012.12.31"]
[Round "4.14"]
[White "Kvisla, Johannes Luangtep"]
[Black "Rendle, IM Thomas E"]
[Result "1/2-1/2"]
[ECO "C03"]
[WhiteElo "2148"]
[BlackElo "2381"]
[PlyCount "83"]
[EventDate "2012.??.??"]
[TimeControl "6600+780"]
[WhiteClock "0:22:31"]
[BlackClock "0:14:05"]

1. e4 e6 2. d4 d5 3. Nd2 Nc6 4. c3 e5 5. dxe5 dxe4 6. Qa4 Qd5 7. Qxe4 Qxe5 8.
Bb5 Qxe4+ 9. Nxe4 Bf5 10. Ng3 Bd7 11. Nf3 h5 12. h4 O-O-O 13. Be3 Nf6 14. Ng5
Ne5 15. Be2 Nfg4 16. Bxa7 f6 17. N5e4 f5 18. Ng5 Re8 19. f3 Nf6 20. O-O-O c5
21. f4 Nc6 22. Bb6 Rh6 23. Bc4 Ng4 24. Bf7 Re3 25. Rxd7 Kxd7 26. Nxf5 Re2 27.
Rd1+ Kc8 28. Nxh6 gxh6 29. Bxh5 Rxg2 30. Bxg4+ Rxg4 31. Ne6 Be7 32. h5 c4 33.
Rg1 Rh4 34. Ng7 Rxf4 35. Be3 Rf6 36. Rg6 Rxg6 37. hxg6 Ne5 38. Nf5 Nxg6 39.
Bxh6 Kd7 40. Kc2 Kc6 41. a4 Bd8 42. Ne3 1/2-1/2

[Event "Hastings International Chess Congress"]
[Site "?"]
[Date "2012.12.31"]
[Round "4.17"]
[White "Haydon, FM David L"]
[Black "Waddington, FM Mike P"]
[Result "1-0"]
[ECO "A04"]
[WhiteElo "2315"]
[BlackElo "2117"]
[PlyCount "59"]
[EventDate "2012.??.??"]
[TimeControl "6600+1735"]
[WhiteClock "0:25:10"]
[BlackClock "0:13:11"]

1. Nf3 c5 2. g3 Nc6 3. Bg2 e5 4. e4 Nf6 5. d3 Be7 6. Nbd2 d5 7. exd5 Nxd5 8.
O-O O-O 9. Re1 f6 10. c3 Nc7 11. Nb3 Ne6 12. Qe2 a5 13. a4 Ra6 14. Nbd2 Qd7 15.
Nc4 Rd8 16. Rd1 Qe8 17. Be3 Qh5 18. Qc2 Nc7 19. Qb3 Kh8 20. Rd2 Nd5 21. Ne1
Nxe3 22. Nxe3 f5 23. Nf3 e4 24. dxe4 Rxd2 25. Nxd2 fxe4 26. Nxe4 Ne5 27. Qd1
Qg6 28. Qd5 Ng4 29. Nxg4 Qxg4 30. Qf7 1-0

[Event "Hastings International Chess Congress"]
[Site "?"]
[Date "2012.12.31"]
[Round "4.18"]
[White "Atako, Chino C"]
[Black "Sihite, WIM Chelsie Monica"]
[Result "0-1"]
[ECO "C25"]
[WhiteElo "2117"]
[BlackElo "2277"]
[PlyCount "94"]
[EventDate "2012.??.??"]
[TimeControl "6600+995"]
[WhiteClock "0:34:04"]
[BlackClock "0:26:30"]

1. e4 e5 2. Nc3 Nc6 3. g3 Nf6 4. Bg2 Bc5 5. Nf3 d6 6. d3 a6 7. O-O h6 8. Be3
O-O 9. h3 b5 10. Nh4 Rb8 11. Nf5 Bxf5 12. exf5 Nd4 13. Ne4 Bb6 14. g4 Nxe4 15.
dxe4 b4 16. Qd2 Qh4 17. Kh2 Nc6 18. Rg1 a5 19. Bh1 Bxe3 20. fxe3 a4 21. Rg3 b3
22. axb3 axb3 23. c3 Rb6 24. Rag1 Ra8 25. g5 Ne7 26. gxh6 Qxh6 27. f6 Qxf6 28.
Rxg7+ Qxg7 29. Rxg7+ Kxg7 30. Bf3 Ng6 31. Be2 Rh8 32. Bc4 d5 33. Qxd5 Rf6 34.
Kg3 Rh5 35. Be2 Rh8 36. Qxb3 Rb6 37. Qc2 c5 38. Bc4 Nf8 39. Qf2 Rf6 40. Qd2
Rfh6 41. Bf1 Ne6 42. Qd5 Kf6 43. b4 cxb4 44. cxb4 Rd8 45. Qc6 Rd2 46. Bc4 Rg6+
47. Kh4 Rdg2 0-1

[Event "Hastings International Chess Congress"]
[Site "?"]
[Date "2012.12.31"]
[Round "4.2"]
[White "Wadsworth, Matthew J"]
[Black "Eames, FM Robert S"]
[Result "0-1"]
[ECO "C77"]
[WhiteElo "2067"]
[BlackElo "2263"]
[PlyCount "90"]
[EventDate "2012.??.??"]
[TimeControl "6600+985"]
[WhiteClock "0:44:36"]
[BlackClock "1:27:09"]

1. e4 e5 2. Nf3 Nc6 3. Bb5 a6 4. Ba4 Nf6 5. Bxc6 dxc6 6. d3 Bd6 7. Nbd2 Qe7 8.
O-O Bg4 9. Nc4 O-O-O 10. Ne3 Bd7 11. b3 g6 12. Bb2 Nh5 13. Nc4 f6 14. d4 Bg4
15. h3 Be6 16. Nxd6+ cxd6 17. c4 Nf4 18. d5 Bd7 19. Bc1 g5 20. Ne1 h5 21. dxc6
Bxc6 22. f3 Rhg8 23. Nd3 Nxd3 24. Qxd3 g4 25. hxg4 hxg4 26. Kf2 f5 27. Rh1 gxf3
28. gxf3 fxe4 29. fxe4 Rdf8+ 30. Ke1 Rg4 31. Qh3 Qd7 32. Be3 Bxe4 33. Rf1 Rfg8
34. Qh6 R4g6 35. Qh5 Bd3 36. Rh1 Rg2 37. Rh2 R2g3 38. Bf2 R3g5 39. Qf3 e4 40.
Qe3 Qg7 41. Rc1 Qb2 42. Rh1 Rf5 43. Rd1 Rf3 44. Qd2 Qe5 45. Qc1 Rxf2 0-1

[Event "Hastings International Chess Congress"]
[Site "?"]
[Date "2012.12.31"]
[Round "4.3"]
[White "Kirk, Ezra"]
[Black "Gregory, Stephen J"]
[Result "1-0"]
[ECO "A50"]
[WhiteElo "2254"]
[BlackElo "2086"]
[PlyCount "83"]
[EventDate "2012.??.??"]
[TimeControl "6600+1125"]
[WhiteClock "0:13:00"]
[BlackClock "0:00:59"]

1. d4 Nf6 2. c4 Nc6 3. Nf3 d6 4. Nc3 e5 5. d5 Ne7 6. e4 Ng6 7. h3 Be7 8. Be3
O-O 9. Bd3 c6 10. g4 cxd5 11. exd5 Bd7 12. Nd2 Ne8 13. Nde4 Nh4 14. Qe2 a6 15.
O-O-O Ng2 16. Kb1 Nxe3 17. fxe3 f5 18. gxf5 Bxf5 19. Rdf1 b5 20. cxb5 axb5 21.
Bxb5 Qa5 22. Bd3 Nc7 23. a3 Kh8 24. Nd2 Rfb8 25. Rxf5 Qxc3 26. Nc4 Rxb2+ 27.
Nxb2 Qxa3 28. Qg2 Qa2+ 29. Kc1 Nxd5 30. Qe4 Rc8+ 31. Nc4 g6 32. Rf7 Nf6 33.
Rxf6 Bxf6 34. Rf1 Bg5 35. Kd1 Rb8 36. Rf7 Qa1+ 37. Ke2 Rg8 38. Nxd6 Qa2+ 39.
Kf3 Qh2 40. Bf1 Qh1+ 41. Ke2 Qg1 42. Qxe5+ 1-0

[Event "Hastings International Chess Congress"]
[Site "?"]
[Date "2012.12.31"]
[Round "4.4"]
[White "Furman, FM Boris"]
[Black "Safarian, Alek"]
[Result "1-0"]
[ECO "D36"]
[WhiteElo "2237"]
[BlackElo "2050"]
[PlyCount "61"]
[EventDate "2012.??.??"]
[TimeControl "6600+1230"]
[WhiteClock "0:06:25"]
[BlackClock "0:03:00"]

1. d4 d5 2. c4 e6 3. cxd5 exd5 4. Nc3 c6 5. Qc2 Nf6 6. Bg5 Be7 7. e3 O-O 8. Bd3
Nbd7 9. Nf3 Re8 10. O-O g6 11. h3 Nh5 12. Bh6 Ndf6 13. g4 Ng7 14. Ne5 Bf8 15.
f4 Nd7 16. Qf2 Ne6 17. Bxf8 Rxf8 18. Rad1 Qf6 19. Qg3 Ng7 20. f5 g5 21. e4 Qd6
22. exd5 cxd5 23. Nb5 Qb6 24. f6 Ne6 25. Qe3 Re8 26. Bf5 Nf4 27. Bxd7 Bxd7 28.
Rxf4 Bxb5 29. Rf5 h6 30. Rxg5+ Kf8 31. Rf5 1-0

[Event "Hastings International Chess Congress"]
[Site "?"]
[Date "2012.12.31"]
[Round "4.5"]
[White "Talsma, Paul"]
[Black "Taylor, Adam C"]
[Result "1-0"]
[ECO "E24"]
[WhiteElo "2229"]
[BlackElo "1946"]
[PlyCount "67"]
[EventDate "2012.??.??"]
[TimeControl "6600+1400"]
[WhiteClock "0:06:15"]
[BlackClock "0:04:06"]

1. d4 Nf6 2. c4 e6 3. Nc3 Bb4 4. a3 Bxc3+ 5. bxc3 b6 6. e3 O-O 7. Ne2 c5 8. Ng3
Bb7 9. Bd3 d5 10. cxd5 exd5 11. f3 Re8 12. O-O Nc6 13. Ra2 Na5 14. Re2 Rc8 15.
Qe1 cxd4 16. cxd4 Nc4 17. Nf5 Nd6 18. Nxd6 Qxd6 19. Bb2 Qc6 20. g4 Qa4 21. g5
Nh5 22. f4 Ba6 23. Bxa6 Qxa6 24. e4 Qb5 25. e5 g6 26. f5 Qd3 27. Re3 Qb5 28.
Qf2 Rc7 29. fxg6 hxg6 30. e6 fxe6 31. Rf3 Ree7 32. Rf8+ Kg7 33. Rg8+ Kh7 34.
Rh8+ 1-0

[Event "Hastings International Chess Congress"]
[Site "?"]
[Date "2012.12.31"]
[Round "4.6"]
[White "Steil-Antoni, WIM Fiona"]
[Black "Hagen, Anders Gjerdrum"]
[Result "1/2-1/2"]
[ECO "D02"]
[WhiteElo "2169"]
[BlackElo "2126"]
[PlyCount "22"]
[EventDate "2012.??.??"]
[TimeControl "6600+80"]
[WhiteClock "1:33:07"]
[BlackClock "1:40:49"]

1. d4 d5 2. Nf3 Nf6 3. Bf4 c5 4. c3 cxd4 5. cxd4 Nc6 6. e3 Bf5 7. Bd3 Bxd3 8.
Qxd3 e6 9. Nc3 Bd6 10. Bxd6 Qxd6 11. O-O O-O 1/2-1/2

[Event "Hastings International Chess Congress"]
[Site "?"]
[Date "2012.12.31"]
[Round "4.7"]
[White "Haria, Ravi"]
[Black "Hebden, GM Mark L"]
[Result "0-1"]
[ECO "C91"]
[WhiteElo "2032"]
[BlackElo "2547"]
[PlyCount "78"]
[EventDate "2012.??.??"]
[TimeControl "6600+980"]
[WhiteClock "0:04:52"]
[BlackClock "0:58:05"]

1. e4 e5 2. Nf3 Nc6 3. Bb5 a6 4. Ba4 Nf6 5. O-O Be7 6. Re1 b5 7. Bb3 O-O 8. d4
d6 9. c3 Bg4 10. Be3 Bh5 11. h3 exd4 12. cxd4 Na5 13. Bc2 Nc4 14. Bc1 d5 15. e5
Ne4 16. Nc3 Nxc3 17. bxc3 b4 18. g4 Bg6 19. Bf5 bxc3 20. Qd3 Rb8 21. Re2 Bxf5
22. gxf5 f6 23. e6 Qe8 24. Bf4 Rb2 25. Rae1 Qh5 26. Kg2 c6 27. Nh2 a5 28. Ng4
Re8 29. Kh2 a4 30. Nh6+ Kf8 31. Nf7 a3 32. Rxb2 axb2 33. Rg1 Qh4 34. Qf3 c2 35.
Qg2 Qxf4+ 36. Kh1 Qg5 37. Nxg5 fxg5 38. Qg4 c1=Q 39. Qh5 Qxg1+ 0-1

[Event "Hastings International Chess Congress"]
[Site "?"]
[Date "2012.12.31"]
[Round "4.8"]
[White "Zhou, IM Yang-Fan"]
[Black "Lenier, Jude A"]
[Result "1/2-1/2"]
[ECO "C45"]
[WhiteElo "2419"]
[BlackElo "2069"]
[PlyCount "78"]
[EventDate "2012.??.??"]
[TimeControl "6600+2095"]
[WhiteClock "0:11:02"]
[BlackClock "0:13:26"]

1. e4 e5 2. Nf3 Nc6 3. d4 exd4 4. Nxd4 Nf6 5. Nxc6 bxc6 6. e5 Qe7 7. Qe2 Nd5 8.
c4 Ba6 9. Nd2 g6 10. Nf3 Bg7 11. Bg5 Qb4+ 12. Qd2 Qxd2+ 13. Bxd2 Nb6 14. b3 O-O
15. O-O-O d5 16. exd6 cxd6 17. Bf4 d5 18. cxd5 Bxf1 19. Rhxf1 Nxd5 20. Be5 Rad8
21. Bxg7 Kxg7 22. Rd2 Nc3 23. Rc2 Ne4 24. Re1 Rfe8 25. Rxc6 Nxf2 26. Rxe8 Rxe8
27. Kd2 Re7 28. b4 Ng4 29. Ra6 Ne3 30. Nd4 Nd5 31. Nc6 Re6 32. a3 Nc7 33. Rxa7
Rxc6 34. a4 Nd5 35. b5 Rc5 36. Kd3 Nb6 37. a5 Rxb5 38. axb6 Rxb6 39. Ke3 Kf6
1/2-1/2

[Event "Hastings International Chess Congress"]
[Site "?"]
[Date "2012.12.31"]
[Round "4.9"]
[White "Melekhina, FM Alisa"]
[Black "Maroroa, WIM Sue"]
[Result "1-0"]
[ECO "C77"]
[WhiteElo "2221"]
[BlackElo "2037"]
[PlyCount "97"]
[EventDate "2012.??.??"]
[TimeControl "6600+865"]
[WhiteClock "0:29:02"]
[BlackClock "0:57:45"]

1. e4 e5 2. Nf3 Nc6 3. Bb5 a6 4. Ba4 Nf6 5. Qe2 Be7 6. c3 O-O 7. Bxc6 dxc6 8.
Nxe5 Bd6 9. d4 Bxe5 10. dxe5 Ng4 11. f4 Qh4+ 12. g3 Qh3 13. Qf1 Qh5 14. h3 Nh6
15. g4 Qh4+ 16. Qf2 Qxf2+ 17. Kxf2 f6 18. exf6 gxf6 19. Be3 b6 20. b4 Nf7 21.
Nd2 Nd6 22. Rag1 a5 23. g5 f5 24. e5 Ne8 25. a3 Be6 26. Ra1 Ng7 27. Rhd1 Rfd8
28. Nf1 Rxd1 29. Rxd1 Kf7 30. Ng3 axb4 31. axb4 Ra2+ 32. Rd2 Ra1 33. h4 Kg6 34.
Rd8 Ra2+ 35. Bd2 Kf7 36. Ke3 Ne8 37. Nh5 Ra1 38. Nf6 Nxf6 39. exf6 Rh1 40. Ra8
Rh3+ 41. Kd4 c5+ 42. bxc5 bxc5+ 43. Kxc5 Rd3 44. Be1 Re3 45. Rh8 Rxe1 46. Rxh7+
Ke8 47. g6 Re4 48. Rh8+ Kd7 49. f7 1-0

[Event "Hastings International Chess Congress"]
[Site "?"]
[Date "2012.12.31"]
[Round "4.10"]
[White "Pickersgill, Adrian O"]
[Black "Anderson, John"]
[Result "1-0"]
[ECO "B23"]
[WhiteElo "2029"]
[BlackElo "2161"]
[PlyCount "55"]
[EventDate "2012.??.??"]
[TimeControl "6600+1400"]
[WhiteClock "0:18:13"]
[BlackClock "0:33:03"]

1. e4 c5 2. Nc3 Nc6 3. f4 g6 4. Nf3 Bg7 5. Bb5 Nd4 6. O-O Nxb5 7. Nxb5 d6 8. d3
Nf6 9. Nc3 Rb8 10. Qe1 b5 11. e5 dxe5 12. fxe5 Nd5 13. Ne4 c4 14. d4 O-O 15.
Qh4 f5 16. Bh6 Bxh6 17. Qxh6 e6 18. Nfg5 Qe7 19. Nd6 Bd7 20. Rf3 Rbd8 21. Raf1
Bc6 22. Rh3 Rd7 23. a3 Nb6 24. Rf4 Nc8 25. Rfh4 Nxd6 26. Qxg6+ Qg7 27. Qxe6+
Rff7 28. Rxh7 1-0